[Event "Reykjavik Open 2025"]
[Site "Reykjavik"]
[Date "2025.04.10"]
[Round "3.8"]
[White "Jacobson, Brandon"]
[Black "Heimisson, Hilmir Freyr"]
[Result "1-0"]
[Annotator "TA"]
[ECO "A20"]
[WhiteElo "2570"]
[BlackElo "2376"]
[PlyCount "203"]
[EventDate "2025.04.09"]
[EventType "swiss"]
[EventCountry "ISL"]
[SourceTitle "playchess.com"]
[Source "ChessBase"]
[SourceQuality "1"]
[TimeControl "40/5400+30:1800+30"]

1. c4 e5 2. g3 Nf6 3. Bg2 c6 4. d4 e4 5. Bg5 Bb4+ 6. Nc3 {[%emt 0:00:32][%cal Og2e4] A20: English Opening: 1...e5.} O-O (6... d5 $11) 7. Bxe4 $1 $16 h6 8. Bxf6 {[%emt 0:00:42] White is better.} Qxf6 9. e3 $146 (9. Bg2 d6 10. Nf3 Be6 11. Qb3 Na6 12. a3 Bxc3+ 13. Qxc3 Nc7 14. O-O Rfe8 15. Rfe1 {1-0 Pinheiro,I (2320)-Ricaurte Lopez,J (2226) Titled Tuesday intern op 26th Apr Late blitz 2022 (2)}) 9... d6 10. Nge2 Re8 11. Bg2 Bg4 12. O-O Bxc3 13. bxc3 Nd7 14. f3 Be6 15. d5 $1 Bf5 16. e4 Bh7 17. Rb1 Nb6 18. Qb3 Rac8 19. Bh3 Rc7 20. Nd4 cxd5 21. cxd5 Nc4 22. Rf2 $40 {[%emt 0:13:09][%mdl 128] Dodges Nd2. White is out for blood.} a6 23. Bf1 Ne5 24. Qa3 Nd7 {[%emt 0:02:20] Repels Rb6} 25. Qa5 Qd8 26. Rfb2 {[%emt 0:10:42] White is much more active.} Nc5 27. Nb3 (27. Bh3 $142 {[%cal Od4c6] Black must now prevent Nc6!.} Kh8 28. Rd1) 27... Nd7 28. Nd2 Qb8 (28... Nc5 $142) 29. Nc4 Qa7+ (29... Rf8 $16 30. Ne3 (30. Nxd6 Rc5 $17) 30... Rfc8) 30. Kh1 (30. Kg2 $18 b5 31. Nxd6) 30... Rxc4 31. Bxc4 Qe3 32. Rf1 (32. Rxb7 Qxf3+ 33. Kg1 Bxe4 (33... Qxe4 $2 34. Rf1 $19) 34. R1b2 Qh1+ (34... Nc5 $2 35. Re2 $19) 35. Kf2 Qg2+ (35... Qxh2+ 36. Ke3 Bc2+ 37. Kf3 Ne5+ 38. Ke3 Nd3+ 39. Re7 Rxe7+ 40. Kf3 Qe2#) (35... Nc5 $2 36. Rb8 $19) 36. Ke3 Bh7+ 37. Kf4 Qe4#) 32... Bxe4 {[%emt 0:00:45] [#]} 33. Be2 Bf5 {[%emt 0:00:30] [#]} 34. g4 (34. Kg2 $1 $16) 34... Bd3 $14 {[%emt 0:00:28] Repels c4} 35. Bxd3 (35. Rxb7 $2 Bxe2 $19 (35... Qxe2 $2 36. Rbb1 $19)) 35... Qxd3 36. Rbf2 Nc5 37. Qb4 Qxd5 38. Qd4 {[%emt 0:00:02] Prevents Nd3.} Qc6 39. c4 Re6 40. h3 Qe8 41. Kg2 Qe7 42. Rd1 Rf6 43. Kh2 Re6 44. Rdd2 Nd7 45. Kg2 Nc5 46. Qd5 Qe8 47. Qd4 Qe7 48. Qf4 (48. Kg1 $14) 48... Re5 $11 49. Rd1 Re6 (49... Ne6 $11 50. Qc1 Qc7) 50. Rd4 $14 Re5 51. Qd2 Re6 52. Rd5 Nd7 53. Kh2 (53. Qd4 $14) 53... Ne5 $11 54. Qd4 Qc7 55. f4 Nxc4 56. g5 h5 57. f5 {[%emt 0:07:24][%mdl 1024] White has compensation.} Re8 (57... Re1 58. g6 Ne3 59. Qa7 Qd8) 58. Rc2 b5 59. g6 Qe7 {[%emt 0:00:59] [#] Inhibits Qh4.} 60. f6 $1 Qxf6 61. Qxf6 (61. gxf7+ {with more complications.} Qxf7 62. Rf2 Qc7 63. Rxh5 d5+ 64. Qf4) 61... gxf6 62. gxf7+ Kxf7 63. Rxh5 {[%emt 0:00:11][%mdl 4096] Endgame KRR-KRN} Ke6 64. Rh7 Rc8 65. Ra7 Rc6 66. h4 d5 67. Ra8 Rd6 $1 68. Re2+ Ne5 69. h5 d4 70. h6 Rd7 71. Rxa6+ Kf5 $1 72. Kg3 d3 $1 73. Rf2+ Ke4 $1 74. Rf4+ (74. Rfxf6 d2 75. Rf1 (75. Rf4+ Ke3 $17) 75... d1=R $15 (75... d1=B 76. Rf4+ Kd5 77. Rf2 $14) (75... d1=Q 76. Rxd1 Rxd1 77. h7 $17)) 74... Ke3 {[%emt 0:00:51] and ...d2 should not be overlooked} 75. Ra3 $1 Rf7 {[%emt 0:00:49] White now steadily converts the win.} (75... f5 $14) 76. Rb3 $18 Ke2 $2 (76... Rf8 $16 77. h7 (77. Rxb5 $2 Rg8+ 78. Kh2 Kxf4 $19) 77... Rh8) 77. Rf2+ (77. Re4+ Kd2 78. Rxb5 Rh7 $18) 77... Ke3 78. Rxb5 Re7 $2 (78... Rd7 79. Rb3 (79. Rxf6 d2 $18) 79... Kd4) 79. Rxf6 d2 80. Rd5 Nc4 81. Rf4 Rc7 82. Rd8 Ne5 83. Rf5 (83. Rdd4 $142 Ke2 84. Rfe4+ (84. Rf2+ Ke3 $18) 84... Kd1 85. Rxe5) 83... Re7 84. Rd5 (84. Rxe5+ $142 Rxe5 85. h7) 84... Nc4 85. Rf4 $2 (85. Rf3+ $18 Ke2 86. Rf2+ Ke3 87. Rf4) 85... Ne5 $2 (85... Rc7 $11 86. Rfd4 Ke2) 86. Rf5 Nc4 87. Rd8 $2 ({White should try} 87. Rf3+ $18 Ke2 88. Rf2+ Ke3 89. Rd8) 87... Re6 $2 (87... Ne5 $11 88. Rf6 Nc4) 88. h7 Rh6 89. Rc5 (89. Rf6 $142 Rxf6 90. h8=Q (90. h8=R $2 Rg6+ 91. Kh4 Rd6 $19) 90... Rg6+ 91. Kh4 (91. Kh2 Nd6 $18) 91... Nd6 92. Qe5+ Ne4 93. Qd4+ Kf3 94. Rf8+ Rf6 95. Rxf6+ Nxf6 96. Qxf6+ Ke2 97. Qe6+ (97. Qd4 d1=Q $18) 97... Kf2 98. Qf5+ Ke3 99. Qe6+ Kf2) 89... Rg6+ 90. Kh4 Nd6 {[%emt 0:00:29] [#]} 91. Rxd6 $1 Rxd6 92. h8=Q (92. h8=R $2 d1=Q (92... d1=B $2 {too greedy.} 93. Rc3+ Kd2 94. Rc5 $18) 93. Rc3+ Kd2 $19) 92... d1=Q {[%emt 0:00:05] KQR-KQR. White is a pawn up.} 93. Qe5+ Kf2 94. Qg3+ Ke2 95. Qh2+ Ke3 96. Qe5+ Kf2 97. Qf4+ {[%emt 0:00:51] White mates.} Ke2 98. Re5+ Kd3 99. Qe3+ Kc2 100. Qb3+ Kc1 101. Rc5+ Kd2 102. Rd5+ {[%emt 0:00:03] Weighted Error Value: White=0.12 (very precise) /Black=0.11 (very precise)   Loses game:     	---       	Black=2      Mistake:       	White=5     	Black=6      Inaccurate:     	White=2     	Black=6      OK:         	White=40    	Black=27     Best:        	White=3     	Black=11     Strong:       	White=3     	Black=4} 1-0

[Event "Reykjavik Open 2025"]
[Site "Reykjavik"]
[Date "2025.04.10"]
[Round "3.9"]
[White "Thorfinnsson, Bjorn"]
[Black "Gorshtein, Ido"]
[Result "0-1"]
[Annotator "TA"]
[ECO "A46"]
[WhiteElo "2386"]
[BlackElo "2557"]
[PlyCount "102"]
[EventDate "2025.04.09"]
[EventType "swiss"]
[EventCountry "ISL"]
[SourceTitle "playchess.com"]
[Source "ChessBase"]
[SourceQuality "1"]
[TimeControl "40/5400+30:1800+30"]

1. d4 Nf6 2. Nf3 e6 3. c3 c5 4. Bg5 Qb6 5. Qb3 Nc6 6. Qxb6 {[%emt 0:00:23] A46: 1 d4 Nf6 2 Nf3 e6: Torre, London and Colle Systems.} axb6 7. e3 d5 8. Nbd2 {[%emt 0:00:27] The position is equal.} Bd7 9. a3 Nh5 $146 (9... Bd6 10. Bd3 O-O 11. O-O Na5 12. Bf4 Ne8 13. Bxd6 Nxd6 14. Ne5 Rfd8 15. b4 Nc6 16. Nxd7 Rxd7 17. bxc5 bxc5 18. dxc5 {½-½ Czernicki,B (2094)-Andrae,D (2111) Tarnowskie Gory Piasta Memorial 5th 2007 (4)}) 10. Bh4 h6 11. g4 Nf6 12. h3 Bd6 13. Rg1 g5 14. Bg3 Bxg3 15. Rxg3 Ke7 16. O-O-O cxd4 17. exd4 Ne8 18. Re1 Nd6 19. h4 f6 20. Bd3 Rhg8 (20... b5 $11) 21. hxg5 (21. Nf1 $16) 21... hxg5 $11 22. Rh3 Rh8 23. Reh1 Rxh3 24. Rxh3 Nd8 25. Nf1 N8f7 26. Ne3 b5 27. Kc2 Nc4 28. Nxc4 bxc4 29. Bg6 Be8 30. Kd2 Kf8 31. Ne1 Kg7 32. Bc2 Nh6 33. Ng2 Bg6 34. Ne3 Nf7 35. Rh2 Nd6 36. f3 Nf7 37. Rh3 Bxc2 38. Kxc2 $15 {[%emt 0:00:56][%mdl 4096] Endgame KRN-KRN} Nh8 39. Ng2 Ng6 40. Rh2 Rf8 41. Rh5 Re8 42. Kd2 Nf4 43. Nxf4 (43. Rh2 $1 $15) 43... gxf4 {[%emt 0:00:52] KR-KR} 44. Kc2 (44. g5 $17) 44... Ra8 (44... Rh8 $19 45. Rxh8 Kxh8) 45. Rh1 (45. b3 $17) 45... b5 (45... Rh8 $1 $19 46. Rxh8 Kxh8) 46. Rh2 {[%emt 0:03:10] [#]} (46. Re1 $17 {was called for.} Re8 47. b3) 46... Kg6 (46... Rh8 $1 $19 {[%cal Rh8h2] and Black stays clearly on top.} 47. Re2 (47. Rxh8 Kxh8 48. b3 cxb3+ 49. Kxb3 e5 $19) 47... Kf7) 47. Kd2 Ra7 {[%emt 0:01:36] Strongly threatening ...Rh7.} 48. Kc2 {[%emt 0:02:59] [#]} (48. Re2 $15) 48... Rh7 $1 $19 49. Rxh7 (49. Re2) 49... Kxh7 {[%emt 0:00:45] Black is clearly winning.} 50. b4 cxb3+ 51. Kxb3 Kg6 {[%emt 0:01:54] Weighted Error Value: White=0.39/Black=0.13 (very precise)   Mistake:       	White=7     	Black=4      Inaccurate:     	White=2     	Black=2      OK:         	White=12    	Black=20     Strong:       	---       	Black=1} 0-1

[Event "Reykjavik Open 2025"]
[Site "Reykjavik"]
[Date "2025.04.10"]
[Round "3.10"]
[White "Song, Yuxin"]
[Black "Adhiban, B.."]
[Result "1/2-1/2"]
[Annotator "TA"]
[ECO "B56"]
[WhiteElo "2371"]
[BlackElo "2554"]
[PlyCount "75"]
[EventDate "2025.04.09"]
[EventType "swiss"]
[EventCountry "ISL"]
[SourceTitle "playchess.com"]
[Source "ChessBase"]
[SourceQuality "1"]
[TimeControl "40/5400+30:1800+30"]

1. e4 c5 2. Nf3 d6 3. d4 cxd4 4. Nxd4 Nf6 5. Nc3 Nc6 6. f3 e5 7. Nb3 Be7 8. Be3 O-O 9. Qd2 a5 10. Bb5 Be6 11. O-O-O Qb8 {[%emt 0:06:41][%cal Oa5a4] B56: Classical Sicilian: Unusual Lines.} 12. Kb1 Rc8 13. g4 Na7 $146 {[%emt 0:11:57] The position is equal.} (13... a4 14. Nxa4 Rxa4 15. Bxa4 b5 16. Bxb5 Qxb5 17. Nc1 Na5 18. Qd3 Bc4 19. Qa3 Be6 {0-1 Costa,L (2349)-Bromberger,S (2472) Augsburg Gutmann Memorial 7th 2022 (10)}) 14. Bxa7 (14. Nxa5 $2 Rxc3 15. Qxc3 Nxb5 $19) 14... Qxa7 15. a4 Rc7 16. Nd5 Nxd5 17. exd5 Bd7 18. Bxd7 Rxd7 19. Qe2 (19. Qd3 $1 $14) 19... b5 20. Qxb5 Rb7 $36 {[%emt 0:05:03][%mdl 2048] Black has the initiative.} 21. Qc4 Rb4 {[%emt 0:01:50][%mdl 1024] Black has compensation.} 22. Qc6 Rb6 23. Qc4 Qd7 24. Rhe1 Rc8 $1 25. Qd3 ({Much weaker is} 25. Qe4 Rb4 26. Qd3 Qxa4 $15) 25... Qxa4 26. Re4 Qb5 27. Qxb5 Rxb5 28. Rd3 Bd8 29. f4 f6 30. Nd2 Bb6 31. Nc4 Bc5 32. f5 Rcb8 (32... Bd4 33. Rexd4 Rbc5 (33... exd4 $2 {is the wrong capture.} 34. Nxd6 $18) 34. Nxd6 exd4 35. Nxc8 (35. Rxd4 $2 Rd8 $19) 35... Rxc8 36. Rxd4 $18) 33. c3 a4 34. Kc2 Rb3 35. Rd1 a3 36. bxa3 Bxa3 37. Re3 Bc5 38. Re2 {[%emt 0:00:20] Weighted Error Value: White=0.06 (flawless) /Black=0.08 (flawless)   Mistake:       	White=1     	---        Inaccurate:     	White=1     	Black=3      OK:         	White=18    	Black=11     Best:        	White=1     	---        Strong:       	---       	Black=1} 1/2-1/2

[Event "Reykjavik Open 2025"]
[Site "Reykjavik"]
[Date "2025.04.10"]
[Round "3.11"]
[White "Bekker, Stefan"]
[Black "Amar, Elham"]
[Result "1/2-1/2"]
[Annotator "TA"]
[ECO "B30"]
[WhiteElo "2358"]
[BlackElo "2546"]
[PlyCount "60"]
[EventDate "2025.04.09"]
[EventType "swiss"]
[EventCountry "ISL"]
[SourceTitle "playchess.com"]
[Source "ChessBase"]
[SourceQuality "1"]
[TimeControl "40/5400+30:1800+30"]

1. e4 c5 2. Nf3 Nc6 3. Bb5 e6 4. O-O Nge7 5. Re1 Nd4 6. Nxd4 cxd4 7. c3 a6 8. Ba4 {[%emt 0:07:46] B30: Sicilian: 2...Nc6 3 Bb5, lines without ...g6.} b5 9. Bb3 Nc6 $1 10. a4 {[%emt 0:09:37] [#] The position is equal.} b4 11. Bd5 $146 (11. d3 bxc3 12. bxc3 Qf6 13. c4 Bb4 14. Rf1 Qg6 15. Nd2 O-O 16. f4 f5 17. e5 {0-1 Bodrozic,T (2363)-Rapport,R (2752) Bundesliga 1920 2019 (15.4)}) 11... Bc5 (11... exd5 12. exd5+ Be7 13. d6 $11) (11... Be7 $5) 12. cxb4 Bxb4 13. Bxc6 dxc6 14. b3 e5 15. Ba3 c5 16. Bxb4 cxb4 17. d3 Be6 18. Nd2 Rc8 19. Nc4 Bxc4 20. dxc4 O-O 21. Qd2 a5 22. f4 f6 23. f5 Qd7 24. Qd3 (24. Qe2 $11 {should be considered.}) 24... g6 25. Rf1 Kh8 26. Rf3 Rg8 27. Raf1 {[%emt 0:03:19] fxg6 is the strong threat.} Qc6 28. h3 (28. fxg6 $11 Rxg6 29. R1f2) 28... Rc7 (28... g5 $15) 29. fxg6 $14 Rxg6 30. Rf5 Kg7 {[%emt 0:01:46] Weighted Error Value: White=0.14 (very precise) /Black=0.15 (very precise)   Mistake:       	White=2     	Black=1      Inaccurate:     	White=1     	Black=3      OK:         	White=10    	Black=5      Best:        	White=2     	---        Strong:       	---       	Black=1} 1/2-1/2

[Event "Reykjavik Open 2025"]
[Site "Reykjavik"]
[Date "2025.04.10"]
[Round "3.12"]
[White "Li, Guohao"]
[Black "Stefansson, Vignir Vatnar"]
[Result "1/2-1/2"]
[Annotator "TA"]
[ECO "D37"]
[WhiteElo "2356"]
[BlackElo "2536"]
[PlyCount "80"]
[EventDate "2025.04.09"]
[EventType "swiss"]
[EventCountry "ISL"]
[SourceTitle "playchess.com"]
[Source "ChessBase"]
[SourceQuality "1"]
[TimeControl "40/5400+30:1800+30"]

1. d4 Nf6 2. c4 e6 3. Nf3 d5 4. Nc3 a6 5. cxd5 exd5 6. Bf4 {[%emt 0:01:24] D37: Queen's Gambit Declined: 5 Bf4.} Bd6 7. Be5 Be6 8. e3 {[%emt 0:00:19] The position is equal.} Bxe5 9. dxe5 Nfd7 10. Be2 $146 (10. Qd4 c5 11. Qf4 Nc6 12. Rd1 Ne7 13. Bd3 h6 14. O-O g5 15. Qg3 Qc7 16. e4 {1-0 Gasparyan,E (2371)-Stefansson,V (2530) EU-ch 24th Petrovac 2024 (8)}) 10... Nc6 11. Nxd5 Ndxe5 12. Nc3 O-O 13. O-O Qf6 14. Qa4 Nd7 15. Rfd1 Nb6 16. Qc2 Bf5 {[%emt 0:02:39] Successful Defense Black} 17. Qb3 Be6 18. Qc2 Bf5 19. Qb3 Rad8 20. Rxd8 Rxd8 21. Rd1 h6 22. h3 Qe7 23. Rd2 Rxd2 24. Nxd2 Qd7 25. Nde4 Qe7 26. Nd2 Be6 27. Qc2 Nb4 28. Qe4 c6 29. a3 N4d5 30. Nxd5 Nxd5 31. Qd4 Qf6 32. Qxf6 Nxf6 $11 {[%emt 0:00:48][%mdl 4096] Endgame KBN-KBN} 33. e4 g5 34. f3 Kf8 35. Kf2 Ke7 36. g4 h5 (36... Nd7 $11) 37. e5 $14 Nd7 38. Ne4 hxg4 39. fxg4 Nxe5 40. Nxg5 Bd5 {[%emt 0:06:16] Weighted Error Value: White=0.06 (flawless) /Black=0.07 (flawless)   Mistake:       	---       	Black=1      Inaccurate:     	White=1     	---        OK:         	White=13    	Black=16     Best:        	White=2     	Black=1} 1/2-1/2

[Event "Reykjavik Open 2025"]
[Site "Reykjavik"]
[Date "2025.04.10"]
[Round "3.13"]
[White "Draskovic, Luka"]
[Black "Borne, Felix"]
[Result "1/2-1/2"]
[Annotator "TA"]
[ECO "A14"]
[WhiteElo "2488"]
[BlackElo "2225"]
[PlyCount "88"]
[EventDate "2025.04.09"]
[EventType "swiss"]
[EventCountry "ISL"]
[SourceTitle "playchess.com"]
[Source "ChessBase"]
[SourceQuality "1"]
[TimeControl "40/5400+30:1800+30"]

1. c4 Nf6 2. Nf3 e6 3. g3 d5 4. Bg2 Be7 5. O-O O-O 6. b3 c5 7. cxd5 Nxd5 8. Bb2 Nc6 9. d4 cxd4 10. Nxd4 Nxd4 11. Qxd4 Bf6 {[%emt 0:01:21] A14: English Opening: 1...e6 with b3 by White.} 12. Qd2 b6 {[%emt 0:01:23] [#]} (12... Bd7 $11 {feels stronger.}) 13. Rd1 (13. Bxf6 $1 $16 Qxf6 14. Nc3 (14. Bxd5 exd5 15. Rd1 Bb7 $11)) 13... Bb7 $11 14. Na3 {[%emt 0:07:52] Black must now prevent e4.} Qe7 15. e4 Bxb2 16. Qxb2 Nb4 17. Nc4 Rfd8 {[%emt 0:05:22] Wards off Nd6} 18. a3 Nd3 $146 (18... Nc6 19. e5 f6 20. Nd6 fxe5 21. Nxb7 Qxb7 22. Rxd8+ Rxd8 23. Rc1 Rd6 24. Qc3 Qa6 25. Bxc6 Qxa3 {1-0 Buchholz,M (1858)-Pohle,S (1877) GER-chT Lands U20 2023 (1)}) 19. Qc2 Nc5 20. b4 Na6 21. Qa4 Qc7 {[%emt 0:13:20] [#]} 22. Rxd8+ (22. Bf1 $1 $16) 22... Rxd8 $14 23. Rd1 Rxd1+ 24. Qxd1 Bc6 25. h4 Kf8 26. Qd4 Nb8 27. Nd6 Qd7 {[%emt 0:02:38] [#]} (27... Ke7 $11 28. Nc4 (28. e5 Bxg2 29. Kxg2 Nd7 $11) 28... Bb5) 28. b5 $1 Ba8 29. e5 {[%emt 0:02:07] White has more active pieces.} Bxg2 30. Kxg2 $16 {[%emt 0:00:01][%mdl 4096] Endgame KQN-KQN} Qc7 31. Qf4 Qe7 32. Qe4 f5 $2 (32... Kg8 $16 {is a better chance.} 33. Qc4 Qd8) 33. Qc4 $18 Qd7 34. a4 Ke7 35. Qf4 Kf8 36. g4 g6 37. Kh2 $2 (37. h5 $18) 37... Qe7 38. gxf5 ({White should try} 38. Kg3 $14) 38... exf5 $11 {[%emt 0:00:41] The position is equal.} 39. e6 Qxe6 40. Nxf5 Qxf5 41. Qxb8+ Kg7 42. Qxa7+ Kh6 43. Qxb6 Qf4+ 44. Kg2 {[%emt 0:00:00] White threatens Qe3 and mate.} (44. Kg1 $5 Qg4+ $8 45. Kh2 Qxh4+ 46. Kg1 Qg4+ 47. Kh1 Qe4+ 48. f3 Qxf3+ 49. Kg1 $11) 44... Qg4+ {[%emt 0:00:07] Blacks defense is rewarded with a draw.   Weighted Error Value: White=0.28 (precise) /Black=0.34  Loses game:     	---       	Black=1      Missed win:     	White=1     	---        Mistake:       	White=3     	Black=2      Inaccurate:     	---       	Black=3      OK:         	White=14    	Black=11     Best:        	White=1     	Black=6} 1/2-1/2

[Event "Reykjavik Open 2025"]
[Site "Reykjavik"]
[Date "2025.04.10"]
[Round "3.14"]
[White "Garifullina, Leya"]
[Black "Vihaan Karthikeya N"]
[Result "1-0"]
[Annotator "RC"]
[ECO "B12"]
[WhiteElo "2459"]
[BlackElo "2024"]
[PlyCount "75"]
[EventDate "2025.04.09"]
[EventType "swiss"]
[EventCountry "ISL"]
[SourceTitle "playchess.com"]
[Source "ChessBase"]
[SourceQuality "1"]
[TimeControl "40/5400+30:1800+30"]

1. e4 c6 2. d4 d5 3. e5 Bf5 4. Nf3 e6 5. Be2 Nd7 6. O-O h6 7. a4 Ne7 8. a5 g5 9. Ne1 Qc7 10. b4 Rg8 11. c3 Bg7 12. f4 O-O-O 13. b5 cxb5 14. Bxb5 f6 15. a6 b6 16. Ba3 Nb8 17. Nd2 gxf4 18. Rc1 Nec6 19. Bd6 Rxd6 20. exd6 Qxd6 21. c4 Nxd4 22. cxd5+ Kd8 23. Bc4 exd5 24. Bd3 Bf8 25. Ndf3 Nxf3+ 26. Nxf3 Bh3 27. Rc2 Nd7 28. Kh1 Bg4 29. Rd2 Qe6 30. Be2 Bb4 31. Rxd5 Re8 32. Bc4 Re7 33. Qb3 Bxf3 34. gxf3 Bc5 35. Rfd1 Qe3 36. R5d3 Qf2 37. Be6 Be3 38. Qd5 1-0

[Event "Reykjavik Open 2025"]
[Site "Reykjavik"]
[Date "2025.04.10"]
[Round "3.15"]
[White "Doran, Chris"]
[Black "Burgalat, Eliot"]
[Result "0-1"]
[Annotator "ChessBase"]
[ECO "B33"]
[WhiteElo "1957"]
[BlackElo "2119"]
[PlyCount "94"]
[EventDate "2025.04.09"]
[EventType "swiss"]
[EventCountry "ISL"]
[SourceTitle "playchess.com"]
[Source "ChessBase"]
[SourceQuality "1"]
[TimeControl "40/5400+30:1800+30"]

1. e4 c5 2. Nf3 e6 3. Nc3 Nc6 4. d4 cxd4 5. Nxd4 Nf6 6. Ndb5 d6 7. Bf4 e5 8. Bg5 a6 9. Na3 b5 10. Bxf6 gxf6 11. Nd5 f5 12. c3 Bg7 13. exf5 Bxf5 14. Nc2 O-O 15. Nce3 Be6 16. Bd3 f5 17. O-O Ne7 18. Nxe7+ Qxe7 19. Bxf5 Kh8 20. Qg4 Bg8 21. a4 d5 22. axb5 axb5 23. Rxa8 Rxa8 24. Bd3 Qc5 25. Nf5 Ra7 26. Nxg7 Rxg7 27. Qf5 d4 28. g3 dxc3 29. bxc3 Qxc3 30. Bxb5 Qc5 31. Bd3 Rf7 32. Qe4 Rf6 33. Qe3 Qxe3 34. fxe3 Rxf1+ 35. Kxf1 Kg7 36. Be4 h6 37. Kf2 Kf6 38. Kf3 Be6 39. h4 Bd7 40. Bd5 Bf5 41. Bc6 Bc2 42. Kg4 Bd1+ 43. Bf3 h5+ 44. Kxh5 Bxf3+ 45. Kh6 e4 46. Kh7 Kf5 47. Kh6 Kg4 0-1

[Event "Reykjavik Open 2025"]
[Site "Reykjavik"]
[Date "2025.04.10"]
[Round "3.16"]
[White "Ponnio, Toni"]
[Black "Juodziukynas, Aidas"]
[Result "1-0"]
[Annotator "ChessBase"]
[ECO "E21"]
[WhiteElo "2103"]
[BlackElo "1956"]
[PlyCount "47"]
[EventDate "2025.04.09"]
[EventType "swiss"]
[EventCountry "ISL"]
[SourceTitle "playchess.com"]
[Source "ChessBase"]
[SourceQuality "1"]
[TimeControl "40/5400+30:1800+30"]

1. d4 Nf6 2. c4 e6 3. Nc3 Bb4 4. g3 c5 5. Nf3 b6 6. Bg2 Bb7 7. O-O O-O 8. d5 Bxc3 9. bxc3 exd5 10. Nh4 Ne4 11. cxd5 Re8 12. Bxe4 Rxe4 13. f3 Re5 14. e4 Qf6 15. Bf4 Rh5 16. e5 Qd8 17. Ng2 g5 18. Be3 d6 19. f4 Rh6 20. fxg5 Rg6 21. Nh4 dxe5 22. c4 Rg7 23. Nf5 Rg6 24. Nh6+ 1-0

[Event "Reykjavik Open 2025"]
[Site "Reykjavik"]
[Date "2025.04.10"]
[Round "3.17"]
[White "Gayon, Benoit"]
[Black "Hartung, Thomas"]
[Result "0-1"]
[Annotator "ChessBase"]
[ECO "C02"]
[WhiteElo "1953"]
[BlackElo "2118"]
[PlyCount "86"]
[EventDate "2025.04.09"]
[EventType "swiss"]
[EventCountry "ISL"]
[SourceTitle "playchess.com"]
[Source "ChessBase"]
[SourceQuality "1"]
[TimeControl "40/5400+30:1800+30"]

1. e4 e6 2. d4 d5 3. e5 c5 4. c3 Nc6 5. Be3 Qb6 6. Qd2 f6 7. Nf3 fxe5 8. Nxe5 Nf6 9. dxc5 Bxc5 10. Bxc5 Qxc5 11. Nxc6 bxc6 12. Qd4 Qxd4 13. cxd4 Rb8 14. Nd2 Rxb2 15. Bd3 O-O 16. Nf3 Ne4 17. Rf1 Nc3 18. a3 Rf4 19. Rh1 Nb5 20. a4 Nxd4 21. O-O-O Rb4 22. Nxd4 Rfxd4 23. a5 Rf4 24. f3 Bd7 25. Kd2 c5 26. Ke3 Rf8 27. Rc1 Rc8 28. Rb1 Rcb8 29. Rxb4 Rxb4 30. Rc1 c4 31. Bc2 e5 32. f4 exf4+ 33. Kd4 Be6 34. Re1 Kf7 35. Bxh7 Rb2 36. Bg8+ Kxg8 37. Rxe6 Rd2+ 38. Kc5 c3 39. Kb5 Rb2+ 40. Ka6 c2 41. Rc6 d4 42. Kxa7 d3 43. a6 d2 0-1

[Event "Reykjavik Open 2025"]
[Site "Reykjavik"]
[Date "2025.04.10"]
[Round "3.18"]
[White "Bernhard, Sebastian"]
[Black "Bourgois, Bastien"]
[Result "1/2-1/2"]
[Annotator "ChessBase"]
[ECO "B33"]
[WhiteElo "1914"]
[BlackElo "2112"]
[PlyCount "134"]
[EventDate "2025.04.09"]
[EventType "swiss"]
[EventCountry "ISL"]
[SourceTitle "playchess.com"]
[Source "ChessBase"]
[SourceQuality "1"]
[TimeControl "40/5400+30:1800+30"]

1. e4 c5 2. Nf3 Nc6 3. d4 cxd4 4. Nxd4 Nf6 5. Nc3 e5 6. Ndb5 d6 7. Bg5 a6 8. Na3 b5 9. Nd5 Be7 10. Bxf6 Bxf6 11. c3 Rb8 12. Nc2 Bg5 13. g3 O-O 14. Bg2 a5 15. b3 Ne7 16. Nce3 Bxe3 17. Nxe3 Be6 18. O-O Qb6 19. Qd3 g6 20. Rfd1 Rfd8 21. Rd2 Rbc8 22. Bf1 b4 23. c4 Nc6 24. Nc2 Kg7 25. Rad1 Kf8 26. Kg2 Ke7 27. Be2 Ra8 28. Ne3 Nd4 29. Bg4 a4 30. Bxe6 fxe6 31. Nc2 axb3 32. axb3 Nc6 33. Qf3 Ra2 34. Qg4 Rf8 35. Qh4+ Ke8 36. Qxh7 Ne7 37. Ne3 Qa7 38. Qh4 Qa3 39. Rxa2 Qxa2 40. Ng4 Qxb3 41. Rxd6 Qxc4 42. Nf6+ Rxf6 43. Qxf6 Qxe4+ 44. Qf3 Qc4 45. Qa8+ Kf7 46. Qf3+ Ke8 47. Qa8+ Kf7 48. Rd8 b3 49. Rf8+ Kg7 50. Rb8 Qd5+ 51. Qxd5 exd5 52. Rxb3 Kf6 53. Rb6+ Kf5 54. f3 e4 55. fxe4+ dxe4 56. Rb5+ Kf6 57. Kf2 Nf5 58. Rb6+ Kg5 59. h4+ Kh5 60. Re6 e3+ 61. Ke1 Nxg3 62. Rxe3 Nf5 63. Re4 Nxh4 64. Kf2 g5 65. Ra4 Nf5 66. Kg2 g4 67. Rxg4 Kxg4 1/2-1/2

[Event "Reykjavik Open 2025"]
[Site "Reykjavik"]
[Date "2025.04.10"]
[Round "3.19"]
[White "Ravi Krishna G"]
[Black "Aas, Robert"]
[Result "1-0"]
[Annotator "ChessBase"]
[ECO "E91"]
[WhiteElo "2100"]
[BlackElo "1898"]
[PlyCount "117"]
[EventDate "2025.04.09"]
[EventType "swiss"]
[EventCountry "ISL"]
[SourceTitle "playchess.com"]
[Source "ChessBase"]
[SourceQuality "1"]
[TimeControl "40/5400+30:1800+30"]

1. d4 Nf6 2. c4 g6 3. Nc3 Bg7 4. e4 d6 5. Be2 O-O 6. h3 c5 7. d5 e6 8. Nf3 exd5 9. exd5 Re8 10. O-O Na6 11. Bd3 Nc7 12. a4 b6 13. Bf4 a6 14. Re1 Rb8 15. Rxe8+ Nfxe8 16. Qe2 Bb7 17. Qd2 b5 18. cxb5 axb5 19. Nxb5 Nxd5 20. Bg3 Qf6 21. Be4 Qxb2 22. Qxb2 Bxb2 23. Rb1 Be5 24. Nxe5 dxe5 25. Bxe5 Rd8 26. Rc1 f6 27. Bg3 Nf4 28. Bxf4 Bxe4 29. Rxc5 Rd1+ 30. Kh2 Ra1 31. Nc3 Bb7 32. a5 Kf7 33. Nd5 h5 34. Nb4 g5 35. Bb8 Rb1 36. Rb5 Ba8 37. Rb6 Rb3 38. Nc2 Rxb6 39. axb6 Ke6 40. Nb4 Nd6 41. Na6 Kd7 42. Nc5+ Kc6 43. Bxd6 Kxb6 44. Nd3 Be4 45. Nc1 f5 46. Be7 g4 47. h4 Kc6 48. Ne2 Bd5 49. Nc3 Bf7 50. Kg3 Kd7 51. Ba3 Ke6 52. Kf4 Kf6 53. Bb2 Kg6 54. g3 Be6 55. Ke5 Bc8 56. Ne2 Bd7 57. Nf4+ Kh6 58. Kf6 Bc8 59. Ne6 1-0